 Dungeon Sprint DCSS version 0.18-a0-1655-ge2d8d33 (webtiles) character file.

3374 Kidiri the Fighter (level 9, -18/83 HPs)
             Began as a Demonspawn Chaos Knight on Mar 30, 2016.
             Demolished by a deep elf mage
             ... wielding a +1 war axe of distortion
              (19 damage)
             ... in the Dungeon (Sprint V: "Ziggurat Sprint").
             The game lasted 00:09:21 (1001 turns).

Kidiri the Fighter (Demonspawn Chaos Knight)        Turns: 1001, Time: 00:09:22

Health: -18/83     AC: 31    Str: 31    XL:     9   Next: 74%
Magic:  8/8        EV: 14    Int: 14    God:    Xom [..*...]
Gold:   0          SH:  0    Dex: 15    Spells: 0 memorised, 8 levels left

rFire  x . .     SeeInvis .     n - +14 plutonium sword {*Contam Stlth-}
rCold  . . .     Gourm    .     o - +15 Maxwell's patent armour {-Cast -Tele rElec MR+ rCorr}
rNeg   . . .     Faith    +     (shield currently unavailable)
rPois  +         Spirit   .     (no helmet)
rElec  +         Dismiss  .     (no cloak)
rCorr  +         Reflect  .     (no gloves)
SustAt .         Harm     .     E - +0 pair of boots "Utaxaev" {+Fly rPois rF- rCorr}
MR     +....     NoTele   +     J - amulet of Benevolence {Faith Str+6 Dex+2}
Stlth  .......... NoCast   +    G - +6 ring of strength
                                F - +6 ring of strength

@: engulfed (cannot breathe), somewhat resistant to hostile enchantments,
extremely unstealthy
A: claws 1, blurry vision 1, clumsy 1, low mp 1, subdued magic 1, sturdy frame 3
a: Renounce Religion, Evoke Flight


You were in the Dungeon.
You worshipped Xom.
You were a toy of Xom.
You were not hungry.

You visited 1 branch

Inventory:

Hand Weapons
 n - the +14 plutonium sword (weapon) {*Contam Stlth-}
   (You found it in the Dungeon)

   It causes magical contamination when unequipped.
   It makes you less stealthy.
Armour
 o - the +15 Maxwell's patent armour (worn) {-Cast -Tele rElec MR+ rCorr}
   (You found it in the Dungeon)

   It insulates you from electricity.
   It affects your resistance to hostile enchantments.
   It prevents spellcasting.
   It prevents most forms of teleportation.
   It protects you from acid and corrosion.
 E - the +0 pair of boots "Utaxaev" (worn) {+Fly rPois rF- rCorr}
   (You found it in the Dungeon)

   It makes you vulnerable to fire.
   It protects you from poison.
   It lets you fly.
   It protects you from acid and corrosion.
Jewellery
 k - an uncursed ring of protection from cold
 B - a +6 ring of dexterity
 C - a +6 ring of dexterity
 F - a +6 ring of strength (left claw)
 G - a +6 ring of strength (right claw)
 H - a +2 ring of protection
 I - an uncursed amulet of magic regeneration
 J - the amulet of Benevolence (around neck) {Faith Str+6 Dex+2}
   (You found it in the Dungeon)

   [amulet of faith]

   It allows you to gain divine favour quickly.
   It affects your strength (+6).
   It affects your dexterity (+2).
 K - an uncursed amulet of dismissal
 L - the amulet of the Air {Inacc +Fly rElec EV+5 RMsl}
   (You found it in the Dungeon)

   [amulet of inaccuracy]

   It reduces the accuracy of all your attacks.
   It affects your evasion (+5).
   It insulates you from electricity.
   It lets you fly.
   It protects you from missiles.
Wands
 x - a wand of disintegration (7/24)
 y - a wand of iceblast (4/15)
 z - a wand of lightning (5/15)
 A - a wand of acid (5/15)
Scrolls
 i - 4 scrolls of blinking
 r - 4 scrolls of amnesia
 s - 3 scrolls of recharging
 t - 7 scrolls of fog
 u - 5 scrolls of identify
 v - 5 scrolls of remove curse
 w - 2 scrolls of fear
Potions
 a - 2 potions of brilliance
 b - 2 potions of invisibility
 d - 10 potions of curing
 e - 9 potions of heal wounds
 f - 7 potions of haste
 g - 7 potions of magic
 h - 2 potions of berserk rage
 j - 4 potions of resistance
 l - 5 potions of agility
 m - 5 potions of might
Comestibles
 c - 5 bread rations
 p - 42 fruits
 q - 4 meat rations


   Skills:
 * Level 12.4 Fighting
 * Level 11.4 Long Blades
 * Level 11.3 Armour
 + Level 8.1 Dodging


You had 8 spell levels left.
You didn't know any spells.

Dungeon Overview and Level Annotations

Branches:
Dungeon (1/1)

Altars:
Ashenzari
Cheibriados
Dithmenos
Elyvilon
Fedhas
Gozag
Kikubaaqudgha
Makhleb
Nemelex Xobeh
Okawaru
Pakellas
Qazlal
Ru
Sif Muna
Trog
Vehumet
Xom
Yredelemnul
Zin
The Shining One
Beogh
Jiyva
Lugonu


Innate Abilities, Weirdness & Mutations

You have sharp fingernails.
Your movements are significantly less encumbered by armour (ER -6).
Scrolls take you a little longer to read.
You are clumsy. (Dex -2)
Your magical capacity is low (-10% MP).
Your spells are a little easier to cast, but a little less powerful.


Message History

* * * LOW HITPOINT WARNING * * *
You slice the deep elf mage!!
The deep elf mage is severely wounded.
* * * LOW HITPOINT WARNING * * *
Your lungs strain for air!
The trident of flaming hits you from afar.
* * * LOW HITPOINT WARNING * * *
The trident of flaming burns you.
* * * LOW HITPOINT WARNING * * *
The deep elf mage gestures wildly while chanting.
The deep elf mage blinks!
The water elemental misses you.
The deep elf mage gestures wildly while chanting.
The deep elf mage blinks!
The fire elemental closely misses you.
The deep elf knight gestures at you while chanting.
The stone arrow misses you.
The trident of flaming hits you but does no damage.
The deep elf mage hits you but does no damage.
Space warps horribly around you!
You die...
Xom titters!

▓▓▓▓▓▓▓▓▓▓▓▓▓▓▓▓▓▓▓
▓...8©8...▓..8©8..▓
▓..}=|=)..▓..)))..▓
▓...[)).§.▓....:..▓
▓.e.....§.▓.......▓
▓......§§.▓.......▓
▓....(§§..▓.......▓
▓...eeE§..▓.......▓
▓...§@EE..▓.▓..%▓.▓
▓.....e...▓.......▓
▓▓▓▓▓▓▓▓▓▓▓▓▓▓▓▓▓▓▓


You could see a deep elf knight, a water elemental, 3 deep elf magi, 2 fire
elementals and a trident of flaming.

Vanquished Creatures
  A deep elf mage (D)
  A shining eye (D)
  A jumping spider (D)
  A spriggan (D)
  An air elemental (D)
  2 tarantellas (D)
  2 golden eyes (D)
  A naga (D)
  2 hell hounds (D)
  2 water moccasins (D)
  A wasp (D)
  3 black bears (D)
  An eye of draining (D)
  2 wolves (D)
  3 scorpions (D)
  2 crimson imps (D)
  3 jellies (D)
  An orc wizard (D)
  2 adders (D)
  2 shadow imps (D)
  2 ufetubi (D)
  3 orcs (D)
  A quokka skeleton (D)
40 creatures vanquished.

Notes
Turn   | Place    | Note
--------------------------------------------------------------
     0 | D        | Kidiri the Demonspawn Chaos Knight began the quest for the Orb.
     0 | D        | Reached XP level 1. HP: 18/18 MP: 1/1
     7 | D        | Found a roughly hewn altar of Beogh.
     7 | D        | Found a viscous altar of Jiyva.
     7 | D        | Found a corrupted altar of Lugonu.
     7 | D        | Found a white marble altar of Elyvilon.
     7 | D        | Found a sparkling altar of Nemelex Xobeh.
     7 | D        | Found a burning altar of Makhleb.
     7 | D        | Found an iron altar of Okawaru.
     7 | D        | Found a deep blue altar of Sif Muna.
     7 | D        | Found a radiant altar of Vehumet.
     7 | D        | Found a bloodstained altar of Trog.
     7 | D        | Found a shimmering altar of Xom.
    25 | D        | XOM: silly message
    51 | D        | Reached skill level 4 in Fighting
    51 | D        | Gained mutation: You have sharp fingernails. [demonic ancestry]
    51 | D        | Reached XP level 2. HP: 26/26 MP: 2/2
    56 | D        | Entered arena 1.
    56 | D        | Noticed a hell hound
    59 | D        | Killed a hell hound
    59 | D        | Reached skill level 6 in Fighting
    59 | D        | Reached skill level 5 in Long Blades
    59 | D        | Reached skill level 5 in Armour
    59 | D        | Reached XP level 3. HP: 35/35 MP: 3/3
    59 | D        | Reached XP level 4. HP: 41/41 MP: 4/4
   133 | D        | Gained mutation: Scrolls take you a little longer to read. [mutagenic glow]
   134 | D        | Entered arena 2.
   135 | D        | XOM: potion effect (invisibility)
   138 | D        | Reached XP level 5. HP: 47/47 MP: 5/5
   142 | D        | Reached skill level 7 in Fighting
   148 | D        | Entered arena 3.
   148 | D        | Noticed a hell hound
   152 | D        | XOM: butterfly on damage
   153 | D        | Killed a hell hound
   153 | D        | Gained mutation: Your movements are slightly less encumbered by armour (ER -2). [demonic ancestry]
   153 | D        | Reached XP level 6. HP: 34/56 MP: 6/6
   157 | D        | Reached skill level 8 in Fighting
   210 | D        | Gained mutation: You are clumsy. (Dex -2) [mutagenic glow]
   270 | D        | Entered arena 4.
   288 | D        | Entered arena 5.
   288 | D        | Noticed a water moccasin
   288 | D        | Noticed a water moccasin
   288 | D        | Noticed a naga
   291 | D        | Killed a naga
   291 | D        | Reached skill level 5 in Dodging
   297 | D        | Killed a water moccasin
   297 | D        | Reached skill level 9 in Fighting
   297 | D        | Reached XP level 7. HP: 41/64 MP: 7/7
   300 | D        | XOM: potion effect (haste)
   308 | D        | XOM: divination: magic mapping
   317 | D        | Got the +0 pair of boots "Utaxaev" {+Fly rPois rF- rCorr}
   567 | D        | Entered arena 6.
   567 | D        | Noticed a spriggan rider
   567 | D        | XOM: divination: magic mapping
   577 | D        | XOM: harmless Tloc miscast
   579 | D        | Killed a spriggan
   581 | D        | Reached skill level 10 in Fighting
   581 | D        | Gained mutation: Your movements are less encumbered by armour (ER -4). [demonic ancestry]
   581 | D        | Reached XP level 8. HP: 71/72 MP: 8/8
   692 | D        | Entered arena 7.
   692 | D        | Noticed a jumping spider
   699 | D        | Reached skill level 10 in Long Blades
   706 | D        | Reached skill level 11 in Fighting
   706 | D        | Reached skill level 10 in Armour
   710 | D        | Killed a jumping spider
   710 | D        | Gained mutation: Your movements are significantly less encumbered by armour (ER -6). [demonic ancestry]
   710 | D        | Reached XP level 9. HP: 63/81 MP: 9/9
   726 | D        | Got the amulet of Benevolence {Faith Str+6 Dex+2}
   787 | D        | Entered arena 8.
   787 | D        | Noticed a shining eye
   787 | D        | XOM: cast spell 'Confusing Touch'
   790 | D        | XOM: potion effect (curing)
   804 | D        | Gained mutation: Your magical capacity is low (-10% MP). [a shining eye]
   805 | D        | Gained mutation: Your spells are a little easier to cast, but a little less powerful. [a shining eye]
   807 | D        | Killed a shining eye
   807 | D        | Reached skill level 12 in Fighting
   994 | D        | Entered arena 9.
   994 | D        | Noticed a trident of flaming
   994 | D        | Noticed a deep elf knight
   994 | D        | Noticed a deep elf mage
   994 | D        | Noticed a deep elf mage
   994 | D        | Noticed a deep elf mage
   994 | D        | Noticed a deep elf mage
   998 | D        | Killed a deep elf mage
  1001 | D        | HP: 2/83 [trident of flaming (6)]
  1001 | D        | Demolished by a deep elf mage

Vault maps used:
D:        sprint_v

Skill      XL: |  1  2  3  4  5  6  7  8  9 |
---------------+----------------------------+-----
Fighting       | 4 6 7 9 10 11 12 | 12.4
Long Blades    | 4 5 6 7 8 9 10 11 | 11.4
Armour         | 3 5 6 7 8 10 11 | 11.3
Dodging        | 2 3 4 5 6 7 8 |  8.1

Action                   |  1- 3 |  4- 6 |  7- 9 || total
-------------------------+-------+-------+-------++-------
Melee: Triple sword      |     2 |    26 |    52 ||    80
Evoke: Wand              |       |       |     1 ||     1
  Use: Potion            |     1 |       |     2 ||     3
 Stab: Invisible         |       |     2 |       ||     2
  Eat: Chunk             |       |       |     2 ||     2
